 Dungeon Crawl Stone Soup version 0.23-a0-730-g0b75920 (webtiles) character file.

711 Lavandula the Slinger (level 8, -11/47 HPs)
             Began as a Halfling Arcane Marksman on Jan 17, 2019.
             Killed from afar by a steam dragon (19 damage)
             ... with a ball of steam
             ... on level 5 of the Dungeon.
             The game lasted 00:16:46 (2702 turns).

Lavandula the Slinger (Halfling Arcane Marksman)    Turns: 2702, Time: 00:16:47

Health: -11/47     AC:  5    Str: 12 (13) XL:     8   Next: 0%
Magic:  7/9        EV: 13    Int:  9 (11) God:
Gold:   259        SH:  0    Dex: 14 (15) Spells: 8/9 levels left

rFire    . . .     SeeInvis .   a - +0 hunting sling
rCold    + . .     Gourm    .   (shield restricted)
rNeg     . . .     Faith    .   m - +0 ring mail
rPois    .         Spirit   .   q - +0 hat {MR+}
rElec    .         Reflect  .   (no cloak)
rCorr    .         Harm     .   (no gloves)
MR       +....                  (no boots)
Stlth    +.........             (no amulet)
HPRegen  0.15/turn              i - ring of protection from cold
MPRegen  0.11/turn              (no ring)

@: about to teleport, flying
A: small, mutation resistance 1
a: no special abilities


You were on level 5 of the Dungeon.
You were hungry.

You visited 2 branches of the dungeon, and saw 6 of its levels.

You collected 259 gold pieces.

Inventory:

Hand Weapons
 a - a +0 hunting sling (weapon)
 c - a +0 dagger
 d - a +0 falchion
 o - a +3 war axe
 y - the +9 dagger of Duxkeus {speed, Dex+2}
   (You found it on level 5 of the Dungeon)

   Attacks with this weapon are significantly faster.
   It affects your dexterity (+2).
Missiles
 h - 45 stones (quivered)
 p - 12 tomahawks
 x - 8 sling bullets
Armour
 e - a +0 robe
 m - a +0 ring mail (worn)
 q - a +0 hat of magic resistance (worn)
 t - a +0 chain mail of fire resistance
Jewellery
 i - a ring of protection from cold (left hand)
Wands
 v - a wand of iceblast (3)
Scrolls
 b - 2 scrolls of teleportation
 j - a scroll of fog {unknown}
 k - a scroll of enchant weapon {unknown}
 l - 2 scrolls of remove curse
 n - 2 scrolls of identify {unknown}
 r - 2 scrolls of amnesia {unknown}
 u - 2 scrolls of fear {unknown}
Potions
 s - a potion of degeneration
 A - 2 potions of agility
Comestibles
 f - 8 rations


   Skills:
 - Level 0.8 Fighting
 + Level 3.1 Short Blades
 - Level 11.1 Slings
 - Level 2.1 Dodging
 - Level 1.0 Spellcasting
 - Level 2.4 Hexes


You had 8 spell levels left.
You knew the following spells:

 Your Spells              Type           Power        Failure   Level  Hunger
a - Corona                Hex            #......      32%         1    ##.....

Your spell library contained the following spells:

 Spells                   Type           Power        Failure   Level  Hunger
 Slow                     Hex            #.......     43%         2    ###....
 Inner Flame              Hex/Fire       #.......     83%         3    ####...
 Portal Projectile        Hex/Tloc       #.....       83%         3    ####...
 Cause Fear               Hex            #.........   97%         4    #####..
 Leda's Liquefaction      Hex/Erth       #.........   99%         4    #####..


Dungeon Overview and Level Annotations

Branches:
Dungeon (5/15)             Temple (1/1) D:5

Altars:
Dithmenos
Gozag
Hepliaklqana
Kikubaaqudgha
Nemelex Xobeh
Okawaru
Qazlal
Uskayaw
Vehumet
The Shining One

Annotations:
D:3 1 runed door, soark's ghost, amateur DECj


Innate Abilities, Weirdness & Mutations

You are small and have problems with some larger weapons.
You are somewhat resistant to further mutation.


Message History

* * * LOW HITPOINT WARNING * * *
Unknown command.
Okay, then.
You see here 2 stones.
Okay, then.
You see here a stone.
It was a potion of cancellation.
You feel magically purged.
Your magical contamination has completely faded away.
Unknown command.
It was a potion of flight.
You feel very buoyant.
You fly up into the air.
The steam dragon bites you.
* * * LOW HITPOINT WARNING * * *
The steam dragon completely misses you.
Unknown command.
As you read the scroll labeled XOQ NIEFONOVVU, it crumbles to dust.
You feel strangely unstable.
It was a scroll of teleportation.
The steam dragon breathes steam at you. The ball of steam hits you!
You die...

.....# #.##.##.#
.#...# #.##.##.#
.#...# #.##.##.#
.....# #.##.##.#
.....####.##.##.#
..............(.#
##........##.####
....####.###.########
#...# #.# #.§§D@((.#
#...# #.# ########.#
....# #.# .#..# #.#
.#..# #.# ....# ....#
###.# ....#


You could see a steam dragon.

Vanquished Creatures
  A sky beast (D:5)
  Blork the orc (D:4)
  A howler monkey (D:5)
  A crimson imp (D:5)
  A hound (D:4)
  3 orc priests (D:4)
  2 orc wizards (D:4)
  An iguana (D:4)
  6 worker ants (D:4)
  A worker ant zombie (D:5)
  3 adders
  An ooze (D:4)
  3 worms
  2 leopard geckos
  14 orcs
  A ball python (D:3)
  2 giant cockroaches
  4 goblins
  4 hobgoblins
  14 jackals
  3 quokkas
  6 bats
  2 frilled lizards
  A jackal skeleton (D:4)
  4 kobolds
  8 rats
90 creatures vanquished.

Notes
Turn   | Place    | Note
-------+----------+-------------------------------------------
     0 | D:1      | Lavandula the Halfling Arcane Marksman began the quest for
                  | the Orb.
     0 | D:1      | Reached XP level 1. HP: 12/12 MP: 2/2
   151 | D:1      | Reached XP level 2. HP: 4/18 MP: 0/3
   157 | D:1      | Reached skill level 4 in Slings
   428 | D:2      | Found a shadowy altar of Dithmenos.
   487 | D:3      | Reached XP level 3. HP: 20/22 MP: 4/4
   504 | D:3      | Reached skill level 5 in Slings
   829 | D:4      | Reached skill level 6 in Slings
   829 | D:4      | Reached XP level 4. HP: 23/27 MP: 5/5
   839 | D:4      | Reached skill level 7 in Slings
   839 | D:4      | Reached XP level 5. HP: 14/32 MP: 6/6
  1124 | D:4      | Noticed Blork the orc
  1137 | D:4      | Killed Blork the orc
  1137 | D:4      | Reached skill level 8 in Slings
  1151 | D:4      | Reached XP level 6. HP: 4/37 MP: 7/7
  1163 | D:4      | HP: 2/55 [poisoned by a worker ant]
  1583 | D:3      | Found a runed door.
  1583 | D:3      | Noticed soark's ghost (amateur DECj)
  1772 | D:4      | Reached skill level 9 in Slings
  1904 | D:4      | Reached XP level 7. HP: 21/42 MP: 8/8
  1919 | D:4      | Reached skill level 10 in Slings
  2004 | D:5      | Entered Level 5 of the Dungeon
  2385 | D:5      | Reached skill level 11 in Slings
  2409 | D:5      | Got a transparent dagger
  2410 | D:5      | Identified the +9 dagger of Duxkeus {speed, Dex+2} (You
                  | found it on level 5 of the Dungeon)
  2432 | D:5      | Reached skill level 1 in Short Blades
  2482 | D:5      | Found a staircase to the Ecumenical Temple.
  2511 | Temple   | Entered the Ecumenical Temple
  2695 | D:5      | Reached XP level 8. HP: 27/47 MP: 6/9
  2702 | D:5      | Killed from afar by a steam dragon

Vault maps used:
D:1:      psy_arrival_spokes
D:2:      old_standard_altar, grunt_dithmenos_smoke_and_mirrors, first_ration
D:3:      gammafunk_ghost_grave, minmay_vboxes
D:4:      hangedman_decor_clover_reticule, hangedman_abyss_or_decor_passed,
          uniq_blork_the_orc
D:5:      grunt_temple_overflow_open, minmay_temple_entry_ruins
Temple:   jpeg_temple_island

Skill      XL: |  1  2  3  4  5  6  7 |
---------------+----------------------+-----
Slings         | 4 6 7 8 9 11 | 11.1
Short Blades   | 3 |  3.1
Fighting       | |  0.8
Dodging        | |  2.1
Spellcasting   | |  1.0
Hexes          | |  2.4

Action                   |  1- 3 |  4- 6 |  7- 9 || total
-------------------------+-------+-------+-------++-------
Melee: Dagger            |       |       |     9 ||     9
 Fire: Hunting sling     |   114 |   178 |   112 ||   404
 Cast: Corona            |     9 |     1 |     5 ||    15
Evoke: Wand              |       |       |     4 ||     4
  Use: Potion            |       |     2 |     3 ||     5
       Scroll            |       |       |     2 ||     2
  Eat: Chunk             |       |     3 |     2 ||     5
Armor: Robe              |     5 |       |       ||     5
       Ring mail         |     8 |     9 |    10 ||    27
       Skin              |       |     6 |       ||     6
       Chain mail        |       |     1 |       ||     1
Dodge: Dodged            |    44 |    26 |    26 ||    96

Table legend:
 A = Non-vault XP
 B = Vault XP
 C = Vault XP percentage of total XP
 D = Non-vault monster count
 E = Vault monster count
 F = Vault count percentage of total count
                 A         B        C        D         E       F
            +---------+---------+-------+---------+---------+-------
      Total |     920 |      96 |   9.4 |      87 |       3 |   3.3
            +---------+---------+-------+---------+---------+-------
        D:1 |      24 |       0 |   0.0 |      16 |       0 |   0.0
        D:3 |      52 |       2 |   3.7 |      27 |       2 |   6.9
        D:4 |     565 |      94 |  14.3 |      37 |       1 |   2.6
        D:5 |     279 |       0 |   0.0 |       7 |       0 |   0.0
            +---------+---------+-------+---------+---------+-------
